 Seeded DCSS version 0.30.0-29-ga12c61a403 (webtiles) character file.

Game seed: 18007716519941398942 (custom seed)

6 Dadbod the Digger (level 2, 19/19 HPs)
             Began as a Formicid Earth Elementalist on June 5, 2023.
             Quit the game on level 1 of the Dungeon.
             The game lasted 00:02:00 (185 turns).

Dadbod the Digger (Formicid Earth Elementalist)      Turns: 185, Time: 00:02:00

Health: 19/19      AC:  2    Str: 12    XL:     2   Next: 0%
Magic:  5/5        EV: 12    Int: 14    God:
Gold:   2240       SH:  0    Dex: 19    Spells: 4/5 levels left

rFire   . . .        (no weapon)
rCold   . . .        (no shield)
rNeg    . . .        a - +0 robe
rPois   .            (helmet unavailable)
rElec   .            (no cloak)
rCorr   +            (no gloves)
SInv    +            (no boots)
Will    .....        f - amulet "Fethraf" {RegenMP -Tele rCorr Dex+5}
Stlth   ++           (no ring)
HPRegen 0.23/turn    (no ring)
MPRegen 0.49/turn

%: no passive effects
@: no status effects
A: permanent stasis, dig shafts and tunnels, antennae 3, four strong arms
a: Dig, Shaft Self


You were on level 1 of the Dungeon.
You visited 1 branch of the dungeon, and saw 1 of its levels.

You collected 2240 gold pieces.

Inventory:

Armour
 a - a +0 robe (worn)
Jewellery
 f - the amulet "Fethraf" (around neck) {RegenMP -Tele rCorr Dex+5}
   (You acquired it on level 1 of the Dungeon)

   [amulet of magic regeneration]

   It increases your rate of magic regeneration.
   Dex:       It affects your dexterity (+5).
   -Tele:     It prevents most forms of teleportation.
   rCorr:     It protects you from acid and corrosion.
Scrolls
 d - a scroll of fog {unknown}
Potions
 b - a potion of magic
 c - 2 potions of heal wounds {unknown}


   Skills:
 + Level 2.0 Dodging
 + Level 2.4 Stealth
 + Level 2.1 Spellcasting
 + Level 1.1 Transmutations
 + Level 3.9 Earth Magic


You had 4 spell levels left.
You knew the following spells:

 Your Spells              Type           Power      Damage    Failure   Level
a - Sandblast             Erth           24%        2d8       4%          1

Your spell library contained the following spells:

 Spells                   Type           Power      Damage    Failure   Level
 Passwall                 Tmut/Erth      6%         N/A       12%         2
 Stone Arrow              Conj/Erth      14%        3d7       30%         3
 Petrify                  Tmut/Erth      8%         N/A       63%         4


Dungeon Overview and Level Annotations

Branches:
Dungeon (1/15)

Altars:


Innate Abilities, Weirdness & Mutations

You cannot be hasted, slowed, berserked, paralysed or teleported.
You can dig through walls and to a lower floor.
You have a pair of large antennae on your head. (SInv)
Your four strong arms can wield two-handed weapons with a shield.


Message History

Unknown command.
A frilled lizard comes into view.
Found 3 scrolls labelled DICAOL JAOKK.
Casting: Sandblast (safe; 4% risk of failure)
Confirm with . or Enter, or press ? or * to list all spells.
Aiming: Sandblast (safe; 4% risk of failure)
Press: ? - help, Shift-Dir - straight line, f - frilled lizard
Aim: a frilled lizard (asleep, 100% to hit)
You miscast Sandblast.
You are very lightly contaminated with residual magic.
Nothing appears to happen.
Casting: Sandblast (safe; 4% risk of failure)
Confirm with . or Enter, or press ? or * to list all spells.
You don't have enough magic to cast this spell.
You don't have enough magic to cast this spell.
Unknown command.
The helpless frilled lizard fails to defend itself.
You hit the frilled lizard.
You kill the frilled lizard!
You have reached level 2!
You see here a +0 dagger.
Your magical contamination has completely faded away.
e - 3 scrolls labelled DICAOL JAOKK This is a scroll of acquirement!
Something appears at your feet!
f - the amulet "Fethraf" {RegenMP -Tele rCorr Dex+5} You start putting on your amulet.
You continue putting on the amulet "Fethraf" {RegenMP -Tele rCorr Dex+5}. x5
You finish putting on the amulet "Fethraf" {RegenMP -Tele rCorr Dex+5}.
The amulet cannot attune itself to your exhausted body.
You feel agile.
f - the amulet "Fethraf" (around neck) {RegenMP -Tele rCorr Dex+5} You start resting.
Magic restored.
Your amulet attunes itself to your body and you begin to regenerate magic more quickly.
Something appears at your feet!
You now have 1039 gold pieces.
Something appears at your feet!
You now have 2240 gold pieces (gained 1201).
Are you sure you want to abandon this character and quit the game? (Confirm with "yes".)

###..#.#######
.............(
..##.#.#######
#.#.# #
#.##############
#..............#
#############.##
#.....#.# #.#
#@#)# #.# #.#.#
#.# #.#.#
##.###)#.#
#......#.#
#..###.#.# #..#
#.#.# #..# ###.#
#..# #.#


There were no monsters in sight!

Vanquished Creatures
  An endoplasm (D:1)
  A goblin (D:1)
  A hobgoblin (D:1)
  A kobold (D:1)
  A frilled lizard (D:1)
5 creatures vanquished.

Notes
Turn   | Place    | Note
-------+----------+-------------------------------------------
     0 | D:1      | Dadbod the Formicid Earth Elementalist began the quest for
                  | the Orb.
     0 | D:1      | Reached XP level 1. HP: 13/13 MP: 3/3
   132 | D:1      | Reached XP level 2. HP: 19/19 MP: 0/5
   137 | D:1      | Identified 3 scrolls of acquirement
   137 | D:1      | Acquired the amulet "Fethraf" {RegenMP -Tele rCorr Dex+5}
   181 | D:1      | Acquired 1039 gold pieces
   183 | D:1      | Acquired 1201 gold pieces
   185 | D:1      | Quit the game

Illustrated notes

Levels and vault maps discovered:
D:1:      psy_arrival_dodecagon, layout_basic,
          dreamdust_ecumenical_altar_sealed_demon

Skill      XL: |  1 |
---------------+----+-----
Dodging        | 2 |  2.0
Stealth        | |  2.4
Spellcasting   | |  2.1
Transmutations | |  1.1
Earth Magic    | |  3.9

Action                     || total
---------------------------++-------
  Melee: Unarmed           ||     1
   Cast: Sandblast         ||     6
    Use: Scroll            ||     3
   Stab: Sleeping          ||     1
  Dodge: Dodged            ||     1
